 Dungeon Crawl Stone Soup version 0.29-a0-241-g20d21d4356 (webtiles) character file.

Game seed: 10406676745478945961

188 Ordine the Slasher (level 5, 0/32 HPs)
             Began as a Tengu Warper on Mar 4, 2022.
             Slain by a sky beast (6 damage)
             ... on level 2 of the Dungeon.
             The game lasted 00:06:05 (3218 turns).

Ordine the Slasher (Tengu Warper)                   Turns: 3218, Time: 00:06:06

Health: 0/32       AC:  3    Str: 17    XL:     5   Next: 67%
Magic:  9/9        EV: 14    Int: 14    God:
Gold:   117        SH:  0    Dex: 15    Spells: 8/8 levels left

rFire   . . .      SeeInvis .   l - +0 scimitar
rCold   . . .      Faith    .   (no shield)
rNeg    . . .      Spirit   .   b - +0 leather armour
rPois   .          Reflect  .   (helmet restricted)
rElec   .          Harm     .   (no cloak)
rCorr   .          Rampage  .   (no gloves)
Will    .....                   (boots unavailable)
Stlth   +.........              (no amulet)
HPRegen 0.10/turn               i - +6 ring of strength
MPRegen 0.11/turn               (no ring)

@: flying quickly and evasively, quick
A: beak, talons 3, nimble flight
a: no special abilities


You were on level 2 of the Dungeon.
You visited 1 branch of the dungeon, and saw 3 of its levels.

You collected 117 gold pieces.

Inventory:

Hand Weapons
 l - a +0 scimitar (weapon)
Missiles
 d - 5 boomerangs of dispersal
Armour
 b - a +0 leather armour (worn)
Jewellery
 h - a ring of positive energy
 i - a +6 ring of strength (left hand)
 j - a ring of ice
Scrolls
 c - 2 scrolls of blinking
 e - a scroll of immolation {unknown}
 f - 4 scrolls of identify {unknown}
 g - 2 scrolls of teleportation {unknown}
 k - 2 scrolls of magic mapping {unknown}


   Skills:
 + Level 3.2 Fighting
 * Level 4.7 Long Blades
 + Level 2.7 Throwing
 - Level 1.1 Armour
 - Level 2.1 Dodging
 - Level 2.0 Spellcasting
 - Level 2.4 Translocations


You had 8 spell levels left.
You didn't know any spells.
Your spell library contained the following spells:

 Spells                   Type           Power      Damage    Failure   Level
 Blink                    Tloc           16%        N/A       16%         2
 Gell's Gravitas          Tloc           8%         N/A       32%         3
 Lesser Beckoning         Tloc           8%         N/A       32%         3
 Teleport Other           Tloc           8%         N/A       32%         3
 Ignite Poison            Fire/Tmut/Pois 1%         N/A       63%         3
 Mephitic Cloud           Conj/Pois/Air  1%         N/A       63%         3
 Manifold Assault         Tloc           8%         N/A       96%         5
 Freezing Cloud           Conj/Ice/Air   0%         6-21      100%        5


Dungeon Overview and Level Annotations

Branches:
Dungeon (3/15)

Altars:
Sif Muna


Innate Abilities, Weirdness & Mutations

You have a beak for a mouth.
You have claws for feet.
Your magical nature lets you fly swiftly and evasively.


Message History

The rat closely misses you.
You closely miss the rat. You claw the rat.
You kill the rat!
A rat comes into view.
A sky beast comes into view.
The sky beast flickers out of sight!
Deactivating autopickup; reactivate with Ctrl-A.
Found a scale mail.
The rat bites you but does no damage.
Found a stone staircase leading down.
A sky beast appears from thin air!
Reactivating autopickup.
There is a stone staircase leading up here.
You closely miss the rat. Your kick misses the rat. The rat bites you.
The sky beast flickers out of sight!
Deactivating autopickup; reactivate with Ctrl-A.
You hit the rat.
You kill the rat!
Something barely misses you.
You fly upwards.
Reactivating autopickup.
There is a stone staircase leading down here.
There is an open door here.
You see here a +0 falchion.
There is a strange disturbance nearby!
There is a strange disturbance nearby!
Something hits you but does no damage.
Deactivating autopickup; reactivate with Ctrl-A.
You miss something. Your kick misses something. Something hits you.
Something shocks you.
You miss something. Your kick misses something. Your peck misses something.
Something hits you. Something shocks you.
* * * LOW HITPOINT WARNING * * *
You closely miss something. You peck something.
Something hits you but does no damage.
You miss something. You claw something. Your peck misses something.
Something hits you.
* * * LOW HITPOINT WARNING * * *
Something shocks you.
You die...

#.......# ####.# ##########
#.#####.# ##....# ##........#
#.# #.###.###.#####..######.#
#.#####.##.## ##...........##.#
#.##.......# #.####..###.##.#
#.......##.## ##.## ##.###.##.#
####.######.###...# #........#
#.# ##.....## #####.####
#.##########@## #.#
##......._.##{# #.#
#...#####..##)# #.#
#......###.##'## #.#
#..........#...## #.#
##..............## ##.#
#..##.###.......## ##..#
##...#.##.........####...#####
##.......+..>......'...........


There were no monsters in sight!

Vanquished Creatures
  Sigmund (D:2)
  An adder (D:2)
  A worm (D:3)
  A dart slug (D:1)
  A ball python (D:1)
  3 bats
  2 endoplasms
  4 giant cockroaches
  3 jackals (D:1)
  4 quokkas (D:1)
  3 frilled lizards
  A goblin (D:3)
  7 kobolds
  4 rats
36 creatures vanquished.

Notes
Turn   | Place    | Note
-------+----------+-------------------------------------------
     0 | D:1      | Ordine the Tengu Warper began the quest for the Orb.
     0 | D:1      | Reached XP level 1. HP: 12/12 MP: 4/4
    82 | D:1      | You fall into a shaft and drop 1 floor!
   177 | D:2      | Reached XP level 2. HP: 1/17 MP: 6/6
   606 | D:1      | Reached skill level 3 in Long Blades
   851 | D:1      | Reached XP level 3. HP: 15/22 MP: 7/7
  2244 | D:2      | Noticed Sigmund
  2445 | D:2      | Killed Sigmund
  2446 | D:2      | Reached skill level 4 in Long Blades
  2446 | D:2      | Reached XP level 4. HP: 5/28 MP: 8/8
  2446 | D:2      | Gained mutation: Your magical nature lets you fly swiftly
                  | and evasively. [Tengu growth]
  2446 | D:2      | Reached XP level 5. HP: 6/32 MP: 9/9
  2723 | D:2      | Found a shimmering blue altar of Sif Muna.
  2772 | D:2      | Found a faded altar of an unknown god.
  3094 | D:3      | Noticed an ogre
  3180 | D:3      | Noticed a sky beast
  3218 | D:2      | Slain by a sky beast

Illustrated notes

Levels and vault maps discovered:
D:1:      matt_arrival_spirals, layout_basic, nrook_mini_backslash,
          roderic_roman_lattice
D:2:      layout_loops_corners, basic_ecumenical_altar, basic_altar, hex_large,
          minmay_crystal_water, minmay_cut_off, uniq_sigmund
D:3:      layout_rooms, serial_curves, eino_curves_03, eino_curves_02,
          eino_curves_01, serial_shops, shop, minmay_between

Skill      XL: |  1  2  3 |
---------------+----------+-----
Long Blades    | 3 4 |  4.7
Fighting       | 3 |  3.2
Throwing       | 2 |  2.7
Armour         | |  1.1
Dodging        | |  2.1
Spellcasting   | |  2.0
Translocations | |  2.4

Action                   |  1- 3 |  4- 6 || total
-------------------------+-------+-------++-------
Melee: Falchion          |    72 |       ||    72
       Peck              |    15 |     2 ||    17
       Kick              |    11 |     5 ||    16
       Scimitar          |       |    16 ||    16
  Use: Potion            |     1 |       ||     1
 Stab: Sleeping          |     1 |       ||     1
Armor: Leather armour    |    17 |     6 ||    23
Dodge: Dodged            |    51 |     7 ||    58

Table legend: (Time is in decaauts)
 A = Elapsed time spent in this place.
 B = Non-inter-level travel time spent in this place.
 C = Inter-level travel time spent in this place.
 D = Time resting spent in this place.
 E = Time spent auto-exploring this place.
 F = Levels seen in this place.
 G = Mean time per level.
                   A        B        C        D        E       F      G
               +--------+--------+--------+--------+--------+-----+--------+
         Total |   3183 |   3105 |     78 |    160 |   2602 |   3 | 1061.0 |
       Dungeon |   3183 |   3105 |     78 |    160 |   2602 |   3 | 1061.0 |
               +--------+--------+--------+--------+--------+-----+--------+

Top non-repeatable levels by time:
     D:1: 1575 daAuts
     D:2: 1502 daAuts
     D:3: 105 daAuts
